Description

Trap's 2-Base Colossus PvT, just removed the probes for less clutter in Build Advisor App.

Build Order

Get SALT Encoding   

  14  0:18  Pylon  
  16  0:37  Gateway  
  17  0:46  Assimilator  
  20  1:23  Nexus  
  20  1:33  Cybernetics Core  
  21  1:43  Assimilator  
  21  1:53  Pylon  
  23  2:08  Adept (Chrono Boost)  
  23  2:11  Warp Gate  
  27  2:31  Robotics Facility, Stalker  
  34  3:01  Sentry  
  38  3:19  Gateway x2  
  40  3:21  Observer (Chrono Boost)  
  42  3:27  Pylon  
  43  3:38  Assimilator x2, Observer  
  45  3:47  Robotics Bay  
  46  3:49  Pylon  
  50  4:03  Observer  
  51  4:12  Forge  
  51  4:14  Pylon  
  53  4:28  Stalker x3  
  59  4:33  Colossus (Chrono Boost)  
  65  4:42  Protoss Ground Weapons Level 1 (Chrono Boost)  
  65  4:53  Nexus  
  65  5:06  Extended Thermal Lance  
  65  5:16  Colossus (Chrono Boost)  
  73  5:32  Gateway x3  
  73  5:39  Twilight Council  
  75  5:46  Sentry x2  
  79  5:53  Colossus (Chrono Boost)  
  92  6:18  Stalker x3  
  102  6:40  Gateway x2  
  104  6:52  Templar Archives  
  106  6:57  Assimilator x2  
Spawning Tool Build Advisor. Get it on Overwolf

Go to:

Details

  • Created by: KillerFlea
  • Published on: May 05, 2020
  • Modified on: May 05, 2020
  • Patch: 4.11.0
Show
View Real Time Build Order
Export as new Build Order

Comments (0)

There are no comments. Be the first!

Create an account to comment!